 Dungeon Crawl Stone Soup version 0.24.0-125-gc4c63601f3 (webtiles) character file.

Game seed: 16152565419923201293, levelgen mode: deterministic

403 Descartes the Magician (level 6, -2/32 HPs)
             Began as a Deep Elf Wizard on Mar 21, 2020.
             Was an Initiate of Qazlal.
             Slain by a wraith (7 damage)
             ... on level 4 of the Dungeon.
             The game lasted 00:11:32 (4579 turns).

Descartes the Magician (Deep Elf Wizard)            Turns: 4579, Time: 00:11:33

Health: -2/32      AC:  6    Str:  4    XL:     6   Next: 55%
Magic:  7/17       EV: 14    Int: 25    God:    Qazlal [......]
Gold:   116        SH:  0    Dex: 13    Spells: 4/17 levels left

rFire    + . .     SeeInvis .   j - +0 short sword (drain)
rCold    + . .     Gourm    .   (no shield)
rNeg     . . .     Faith    .   a - +0 robe
rPois    .         Spirit   .   f - +0 helmet
rElec    .         Reflect  .   v - +0 cloak
rCorr    .         Harm     .   (no gloves)
MR       .....                  u - +1 pair of boots
Stlth    +++.......             (no amulet)
HPRegen  0.10/turn              h - ring of protection from cold
MPRegen  0.15/turn              (no ring)

@: slowed, very slow
A: hooves 1, fire resistance 1
a: Renounce Religion


You were on level 4 of the Dungeon.
You worshipped Qazlal.
Qazlal was noncommittal.
You were not hungry.

You visited 1 branch of the dungeon, and saw 5 of its levels.

You collected 230 gold pieces.
You spent 114 gold pieces at shops.

Inventory:

Hand Weapons
 j - a +0 short sword of draining (weapon)
Missiles
 e - 144 stones (quivered)
 g - 102 arrows
 w - 10 poisoned darts
Armour
 a - a +0 robe (worn)
 b - a +0 hat
 f - a +0 helmet (worn)
 u - a +1 pair of boots (worn)
 v - a +0 cloak (worn)
Jewellery
 h - a ring of protection from cold (left hand)
Scrolls
 c - 2 scrolls of remove curse {unknown}
 i - 4 scrolls of fog {unknown}
 l - 2 scrolls of enchant weapon {unknown}
 m - a scroll of identify
 n - a scroll of enchant armour {unknown}
 o - 4 scrolls of teleportation {unknown}
 p - a scroll of immolation {unknown}
 r - 2 scrolls of amnesia {unknown}
 x - a scroll of torment
Potions
 q - a potion of agility
 s - a potion of curing
 t - a potion of lignification
Comestibles
 d - 7 rations
 z - a chunk of flesh


   Skills:
 + Level 4.2 Dodging
 + Level 4.5 Stealth
 - Level 6.0 Spellcasting
 * Level 3.7 Conjurations
 + Level 1.8 Hexes
   Level 1.1 Summonings
 + Level 1.9 Translocations
 + Level 1.2 Fire Magic


You had 4 spell levels left.
You knew the following spells:

 Your Spells              Type           Power        Failure   Level  Hunger
a - Magic Dart            Conj           ####         1%          1    None
b - Blink                 Tloc           N/A          4%          2    None
c - Confusing Touch       Hex            ###...       3%          1    None
d - Dazzling Spray        Conj/Hex       ###...       7%          3    None
e - Conjure Flame         Conj/Fire      ###.....     9%          3    None
f - Mephitic Cloud        Conj/Pois/Air  ##......     14%         3    None

Your spell library contained the following spells:

 Spells                   Type           Power        Failure   Level  Hunger
 Searing Ray              Conj           ####..       2%          2    None
 Slow                     Hex            ###.....     5%          2    None
 Call Imp                 Summ           ##......     7%          2    None
 Gell's Gravitas          Tloc           ###.......   10%         3    None
 Confuse                  Hex            ###.....     11%         3    None
 Iskenderun's Mystic Bla  Conj           ####....     16%         4    ###....
 Force Lance              Conj/Tloc      ###.....     22%         4    ###....
 Fulminant Prism          Conj/Hex       ###.......   24%         4    ###....
 Petrify                  Tmut/Erth      #.......     58%         4    ###....
 Metabolic Englaciation   Hex/Ice        ##........   82%         5    #####..
 Yara's Violent Unravell  Hex/Tmut       ##........   82%         5    #####..


Dungeon Overview and Level Annotations

Branches:
Dungeon (5/15)
 Temple: D:4-7

Altars:
Hepliaklqana
Nemelex Xobeh
Okawaru
Qazlal
Yredelemnul

Shops:
D:5 *


Innate Abilities, Weirdness & Mutations

You have large cloven feet.
Your flesh is heat resistant. (rF+)


Message History

Aim: a wraith (severely damaged)
The magic dart hits the wraith but does no damage.
The wraith is severely damaged.
The wraith hits you! The wraith completely misses you.
Casting: Magic Dart (safe; 1% risk of failure)
Confirm with . or Enter, or press ? or * to list all spells.
Aiming: Magic Dart (safe; 1% risk of failure)
Press: ? - help, Shift-Dir - straight line, f/p - wraith
Aim: a wraith (severely damaged)
The magic dart hits the wraith but does no damage.
The wraith is severely damaged.
The wraith hits you!
* * * LOW HITPOINT WARNING * * *
You barely miss the wraith.
The wraith is severely damaged.
The wraith hits you but does no damage. The wraith closely misses you.
You hit the wraith but do no damage.
The wraith is severely damaged.
The wraith hits you!
You die...

#####.#...#.
#######.........##
#............#####
####.......#......
####...#####........
#......## #.........
#.......###.........
#....§≈.≈≈#.........
###@#§#'#§..........
#W..+_+.§.........
##.≈#+#≈###.######
##.§≈.≈≈.##.....##
##.........#.......
#..................
#...............>#.
#............######
##<...........#####


You could see a wraith.

Vanquished Creatures
  A crimson imp (D:5)
  A hound (D:4)
  2 orc wizards
  An iguana (D:4)
  3 worker ants
  A hound skeleton (D:4)
  5 adders
  4 oozes
  An adder skeleton (D:5)
  2 dart slugs
  2 leopard geckos
  9 orcs
  4 ball pythons
  8 bats
  5 giant cockroaches
  17 goblins
  3 hobgoblins
  4 jackals (D:2)
  2 quokkas
  6 frilled lizards
  8 kobolds
  2 leopard gecko skeletons (D:5)
  9 rats
100 creatures vanquished.

Notes
Turn   | Place    | Note
-------+----------+-------------------------------------------
     0 | D:1      | Descartes the Deep Elf Wizard began the quest for the Orb.
     0 | D:1      | Reached XP level 1. HP: 10/10 MP: 7/7
   314 | D:1      | Reached XP level 2. HP: 15/15 MP: 1/9
   384 | D:1      | Learned a level 2 spell: Blink
  1001 | D:2      | Reached XP level 3. HP: 19/19 MP: 3/11
  1342 | D:2      | Learned a level 1 spell: Confusing Touch
  1443 | D:2      | Found a hazy altar of Hepliaklqana.
  1566 | D:2      | Found a sparkling altar of Nemelex Xobeh.
  1598 | D:2      | Reached skill level 5 in Spellcasting
  2340 | D:3      | Reached XP level 4. HP: 20/24 MP: 4/13
  2951 | D:3      | Reached XP level 5. HP: 24/28 MP: 6/14
  3541 | D:4      | You fall into a shaft and drop 1 floor!
  3541 | D:5      | Entered Level 5 of the Dungeon
  3656 | D:4      | Learned a level 3 spell: Dazzling Spray
  3660 | D:4      | Learned a level 3 spell: Conjure Flame
  3664 | D:4      | Learned a level 3 spell: Mephitic Cloud
  3734 | D:4      | Reached skill level 1 in Hexes
  3925 | D:4      | Found a basalt altar of Yredelemnul.
  3934 | D:4      | Reached XP level 6. HP: 30/32 MP: 7/16
  4052 | D:4      | Reached skill level 1 in Fire Magic
  4166 | D:4      | Found an iron altar of Okawaru.
  4302 | D:3      | Found a stormy altar of Qazlal.
  4310 | D:3      | Became a worshipper of Qazlal Stormbringer
  4349 | D:5      | Found Zagaa's General Store.
  4358 | D:5      | Bought a scroll of torment for 90 gold pieces
  4358 | D:5      | Bought a scroll of identify for 24 gold pieces
  4362 | D:5      | Gained mutation: Your flesh is heat resistant. (rF+)
                  | [potion of mutation]
  4362 | D:5      | Gained mutation: You have large cloven feet. [potion of
                  | mutation]
  4390 | D:5      | Reached skill level 6 in Spellcasting
  4539 | D:5      | Noticed a wraith
  4579 | D:4      | Slain by a wraith

Levels and vault maps discovered:
D:1:      minmay_arrival_doors, layout_basic
D:2:      layout_loops_ring, nemelex_xobeh_ov_fountains_minmay,
          marbit_many_paths
D:3:      layout_basic, nicolae_overflow_hidden_temple
D:4:      layout_rooms, kennysheep_mini_moat, yredelemnul_altar_generic,
          minmay_misc_feat_five
D:5:      layout_rooms, serial_curves, eino_curves_04, eino_curves_03,
          first_ration, serial_shops, shop, minmay_manual_macuahuitl

Skill      XL: |  1  2  3  4  5  6 |
---------------+-------------------+-----
Stealth        | 3 4 |  4.5
Dodging        | 3 4 |  4.2
Conjurations   | 2 3 |  3.7
Spellcasting   | 5 6 |  6.0
Hexes          | 1 |  1.8
Fire Magic     | 1 |  1.2
Summonings     | |  1.1
Translocations | |  1.9

Action                   |  1- 3 |  4- 6 || total
-------------------------+-------+-------++-------
Melee: Short sword       |    15 |    14 ||    29
 Cast: Magic Dart        |   102 |   153 ||   255
  Use: Scroll            |       |     4 ||     4
       Potion            |       |     3 ||     3
  Eat: Chunk             |     4 |     7 ||    11
Armor: Robe              |     7 |     8 ||    15
Dodge: Dodged            |    18 |    36 ||    54
